 Dungeon Crawl Stone Soup version 0.25-a0-458-g6fc7858b95 (webtiles) character file.

Game seed: 17255531924964985629, levelgen mode: deterministic

88 Error4North the Skirmisher (level 4, 0/40 HPs)
             Began as a Hill Orc Fighter on Feb 2, 2020.
             Slain by a killer bee (7 damage)
             ... on level 4 of the Dungeon.
             The game lasted 00:05:26 (1865 turns).

Error4North the Skirmisher (Hill Orc Fighter)       Turns: 1865, Time: 00:05:26

Health: 0/40       AC:  9    Str: 19    XL:     4   Next: 54%
Magic:  5/5        EV:  5    Int:  8    God:
Gold:   88         SH:  9    Dex: 10    Spells: 5/5 levels left

rFire    . . .     SeeInvis .   a - +0 war axe
rCold    . . .     Gourm    .   c - +0 shield
rNeg     . . .     Faith    .   h - +0 chain mail (curse)
rPois    .         Spirit   .   (no helmet)
rElec    .         Reflect  .   (no cloak)
rCorr    .         Harm     .   (no gloves)
MR       .....                  (no boots)
Stlth    ..........             (no amulet)
HPRegen  0.13/turn              n - ring of flight
MPRegen  0.09/turn              (no ring)

@: lethally poisoned (0 -> -7)
A: no striking features
a: Evoke Flight


You were on level 4 of the Dungeon.
You were not hungry.

You visited 1 branch of the dungeon, and saw 4 of its levels.

You collected 88 gold pieces.

Inventory:

Hand Weapons
 a - a +0 war axe (weapon)
Armour
 c - a +0 shield (worn)
 h - a cursed +0 chain mail (worn)
Jewellery
 n - a ring of flight (left hand)
Scrolls
 b - a scroll of immolation {unknown}
 e - a scroll of remove curse {unknown}
 i - 2 scrolls of magic mapping {unknown}
 k - a scroll of identify {unknown}
 l - 2 scrolls of teleportation {unknown}
 m - a scroll of amnesia {unknown}
Potions
 d - a potion of might
 g - a potion of degeneration {unknown}
 j - a potion of flight {unknown}
Comestibles
 f - 8 rations


   Skills:
 * Level 4.1 Fighting
 + Level 3.4 Axes
 * Level 3.9 Armour
 + Level 0.1 Dodging
 * Level 3.9 Shields
 * Level 1.1 Spellcasting


You had 5 spell levels left.
You didn't know any spells.
Your spell library was empty.

Dungeon Overview and Level Annotations

Branches:
Dungeon (4/15)
 Temple: D:4-7

Altars:
Makhleb
Vehumet


Message History

You hit the killer bee but do no damage.
You feel sick. You block the killer bee's attack.
The killer bee stings you but does no damage.
You block the killer bee's attack.
You miss the killer bee.
You feel sick. You block the killer bee's attack. The killer bee stings you.
You feel sick.
The killer bee stings you but does no damage.
You feel sick. You block the killer bee's attack.
You feel sick.
The killer bee stings you but does no damage. x2
You feel sick.
The killer bee stings you but does no damage.
The killer bee stings you.
* * * LOW HITPOINT WARNING * * *
* * * LOW HITPOINT WARNING * * *
You feel sick. You block the killer bee's attack.
* * * LOW HITPOINT WARNING * * *
You feel sick. You block the killer bee's attack. The killer bee stings you!
You die...

########## #........#
#.######.# #.# #.####
##.######....#
#............#
#####..##.###<...#
####.......y@....#.##
#....##....y####.#.###
#.######...## #.#.#.#
... #..######.#..##
....y #.........#.##
#.###. ##.#########.##
# #y ##'## ##.# .y
##...## #.# ##
##.....## ##.#


You could see 2 killer bees.

Vanquished Creatures
  An orc priest (D:3)
  An adder (D:4)
  A worm (D:2)
  2 dart slugs
  5 orcs (D:3)
  5 bats
  2 giant cockroaches
  6 goblins
  A hobgoblin (D:3)
  5 kobolds
  A quokka (D:3)
  A ball python (D:3)
  3 frilled lizards
  6 rats
40 creatures vanquished.

Notes
Turn   | Place    | Note
-------+----------+-------------------------------------------
     0 | D:1      | Error4North the Hill Orc Fighter began the quest for the
                  | Orb.
     0 | D:1      | Reached XP level 1. HP: 19/19 MP: 1/1
   257 | D:1      | Reached XP level 2. HP: 27/27 MP: 2/2
   828 | D:2      | Reached skill level 4 in Fighting
   909 | D:2      | Reached XP level 3. HP: 28/33 MP: 3/3
  1027 | D:3      | Found a radiant altar of Vehumet.
  1289 | D:3      | Reached XP level 4. HP: 24/40 MP: 3/5
  1293 | D:3      | Reached skill level 1 in Spellcasting
  1308 | D:3      | Found a burning altar of Makhleb.
  1865 | D:4      | Slain by a killer bee

Levels and vault maps discovered:
D:1:      dpeg_arrival_circle_labyrinth_c, layout_loops_ring,
          hangedman_feature_mirror
D:2:      layout_basic
D:3:      layout_basic, fiery_altar_vehumet, palyth_stone_intersect,
          bloody_makhleb
D:4:      gammafunk_steamed_eel, layout_loops_corners,
          nicolae_overflow_hidden_temple, nicolae_overflow_crystal_walls,
          first_ration, uniq_menkaure

Skill      XL: |  1  2  3  4 |
---------------+-------------+-----
Axes           | 3 |  3.4
Fighting       | 4 |  4.1
Spellcasting   | 1 |  1.1
Armour         | |  3.9
Dodging        | |  0.1
Shields        | |  3.9

Action                   |  1- 3 |  4- 6 || total
-------------------------+-------+-------++-------
Melee: War axe           |   114 |    19 ||   133
  Eat: Chunk             |     1 |     2 ||     3
Armor: Scale mail        |    27 |       ||    27
       Chain mail        |    35 |    18 ||    53
Dodge: Dodged            |    24 |     4 ||    28
Block: Shield            |    73 |    16 ||    89

Table legend:
 A = Non-vault XP
 B = Vault XP
 C = Vault XP percentage of total XP
 D = Non-vault monster count
 E = Vault monster count
 F = Vault count percentage of total count
                 A         B        C        D         E       F
            +---------+---------+-------+---------+---------+-------
      Total |     125 |       2 |   1.6 |      38 |       2 |   5.0
            +---------+---------+-------+---------+---------+-------
        D:1 |      23 |       2 |   8.0 |      13 |       2 |  13.3
        D:2 |      12 |       0 |   0.0 |       4 |       0 |   0.0
        D:3 |      77 |       0 |   0.0 |      20 |       0 |   0.0
        D:4 |      13 |       0 |   0.0 |       1 |       0 |   0.0
            +---------+---------+-------+---------+---------+-------
